 Dungeon Crawl Stone Soup version 0.17-a0-1468-gbf503c2 (webtiles) character file.

2337 pulse the Cleaver (level 9, -1/69 HPs)
             Began as a Formicid Berserker on July 1, 2015.
             Was an Elder of Trog.
             Slain by a yak (7 damage)
             ... on level 5 of the Dungeon.
             The game lasted 00:11:54 (6410 turns).

pulse the Cleaver (Formicid Berserker)              Turns: 6410, Time: 00:11:55

Health: -1/69      AC: 12    Str: 24    XL:     9   Next: 70%
Magic:  18/18      EV: 11    Int:  8    God:    Trog [****..]
Gold:   283        SH:  0    Dex: 10    Spells: 0 memorised, 8 levels left

rFire  + . .     SeeInvis +     x - +3 hand axe
rCold  . . .     Clarity  .     f - +4 ring mail
rNeg   . . .     SustAt   .     (no shield)
rPois  .         Gourm    .     (helmet unavailable)
rElec  .         Spirit   .     q - +0 cloak
rCorr  .         Warding  .     (no gloves)
rMut   .         Stasis   +     p - +0 pair of boots
MR     .....                    (no amulet)
Stlth  ..........               k - ring of magical power
                                i - ring of protection from fire

@: not resistant to hostile enchantments, extremely unstealthy
A: permanent stasis, dig shafts and tunnels, four strong arms, antennae 3
a: Dig, Shaft Self, Burn Spellbooks, Trog's Hand, Brothers in Arms, Renounce
Religion


You were on level 5 of the Dungeon.
You worshipped Trog.
Trog was greatly pleased with you.
You were not hungry.

You visited 1 branch of the dungeon, and saw 6 of its levels.

You collected 283 gold pieces.

Inventory:

Hand weapons
 r - a +0 war axe
 x - a +3 hand axe (weapon)
Armour
 f - a +4 ring mail (worn)
 p - a +0 pair of boots (worn)
 q - a +0 cloak (worn)
Jewellery
 i - a ring of protection from fire (left hand)
 k - a ring of magical power (right hand)
Magical devices
 h - a wand of polymorph (13)
 t - a wand of enslavement (10)
 v - a wand of lightning (7)
 y - a wand of lightning (8)
Scrolls
 a - a scroll of enchant armour {unknown}
 g - 4 scrolls of remove curse
 o - a scroll of fear {unknown}
 u - a scroll of blinking {unknown}
Potions
 b - a potion of lignification {unknown}
 l - a potion of flight {unknown}
 m - a potion of brilliance
 n - 2 potions of poison
 s - 2 potions of ambrosia
 w - a potion of haste {unknown}
Comestibles
 c - 5 bread rations
 d - 3 meat rations
 j - 4 fruits
 z - a chunk of flesh


   Skills:
 + Level 6.3 Fighting
 * Level 10.6 Axes
 + Level 5.5 Armour
 - Level 1.9 Dodging


You had 8 spell levels left.
You didn't know any spells.

Dungeon Overview and Level Annotations

Branches:
Dungeon (6/15)             Temple (0/1) D:5

Altars:
Okawaru
Sif Muna
Vehumet


Innate Abilities, Weirdness & Mutations

You are under a permanent stasis effect.
You can dig through walls and to a lower floor.
Your four strong arms can wield two-handed weapons with a shield.
You have a pair of large antennae on your head (SInv).


Message History

You are too injured to fight recklessly!
You are too injured to fight recklessly!
You are too injured to fight recklessly!
You are too injured to fight recklessly!
You are too injured to fight recklessly!
Drink which item? (? for menu, Esc to quit)
You feel better. The yak closely misses you.
You slash the yak!
The yak is severely wounded.
The yak gores you but does no damage.
You hit the yak.
The yak is almost dead.
You closely miss the yak.
The yak is almost dead.
The yak gores you!
* * * LOW HITPOINT WARNING * * *
You closely miss the yak.
The yak is almost dead.
The yak gores you!
You die...

#.#............# #.......#
#.#.######.....# #.#.###.# #.#.#
#####.# #.#.###.#
...)##########.##########....##..
............##..(.......)..#.....
###.#######........##.####...##..
#.#######..####.<##.# ##......
#..........###[[.##.##########.
#..######.###.@...........# #.
#..# #.# ##.Y..#.#####.# #. #..#
#.# ##...#.## #.# #. #..# #.#
#.....(####.# #. ###..# #.#
#...........## #. .....# #.#
#..#...###...###. ##...######.#
#..##............ ............#
#..#######...####
..########..#####.)########.## #


You could see a yak.

Vanquished Creatures
  The ghost of dunyain the Chopper, an experienced DsGl (D:5)
  Sigmund (D:4)
  2 yaks (D:6)
  An orc warrior (D:5)
  A sky beast (D:5)
  3 ogres (D:5)
  A phantom (D:6)
  A centaur (D:5)
  2 scorpions
  2 crimson imps (D:5)
  2 hounds
  4 orc priests
  2 iguanas (D:5)
  6 orc wizards
  2 worker ants (D:4)
  A hound skeleton (D:6)
  3 worker ant zombies
  10 adders
  8 gnolls
  2 shadow imps
  An ooze (D:2)
  2 adder skeletons
  2 worms
  5 giant geckos
  17 orcs
  A bat skeleton (D:5)
  8 giant cockroaches
  16 goblins
  13 hobgoblins
  4 jackals
  9 kobolds
  4 quokkas
  A ball python (D:3)
  11 bats
  2 giant newts
  12 rats
163 creatures vanquished.

Notes
Turn   | Place    | Note
--------------------------------------------------------------
     0 | D:1      | pulse the Formicid Berserker began the quest for the Orb.
     0 | D:1      | Reached XP level 1. HP: 18/18 MP: 1/1
   105 | D:1      | Reached XP level 2. HP: 20/24 MP: 2/2
   672 | D:1      | Reached XP level 3. HP: 26/29 MP: 3/3
  1000 | D:2      | Acquired Trog's second power
  1000 | D:2      | Reached skill level 4 in Axes
  1305 | D:2      | Reached XP level 4. HP: 27/35 MP: 4/4
  1830 | D:2      | Reached skill level 5 in Axes
  1886 | D:2      | Reached XP level 5. HP: 38/41 MP: 5/5
  2175 | D:2      | Found an iron altar of Okawaru.
  2732 | D:3      | Found a radiant altar of Vehumet.
  2970 | D:3      | Reached skill level 6 in Axes
  3166 | D:3      | Reached XP level 6. HP: 43/47 MP: 6/6
  3464 | D:4      | HP: 2/47 [gnoll/halberd (3)]
  3540 | D:4      | Reached XP level 7. HP: 8/53 MP: 7/7
  3805 | D:4      | Reached skill level 7 in Axes
  4016 | D:4      | Noticed Sigmund
  4026 | D:4      | Killed Sigmund
  4078 | D:4      | Found a deep blue altar of Sif Muna.
  4189 | D:4      | Acquired Trog's third power
  4406 | D:5      | Entered Level 5 of the Dungeon
  4413 | D:5      | Reached XP level 8. HP: 58/61 MP: 8/8
  4430 | D:5      | Reached skill level 8 in Axes
  4471 | D:5      | Noticed dunyain's ghost (experienced DsGl)
  4675 | D:5      | Killed dunyain's ghost
  4675 | D:5      | Reached skill level 5 in Fighting
  4945 | D:5      | Reached skill level 9 in Axes
  5114 | D:5      | Reached XP level 9. HP: 58/68 MP: 9/9
  5388 | D:5      | Reached skill level 5 in Armour
  5526 | D:5      | Found a staircase to the Ecumenical Temple.
  5911 | D:6      | Reached skill level 10 in Axes
  6410 | D:5      | Slain by a yak

Vault maps used:
D:1:      lemuel_arrival_muddy, kennysheep_doodads, corexii_hall_statues_deadend
D:2:      okawaru_altar_gauntlet_db, minmay_strange_pillars
D:3:      vehumet_crystals, serial_glass, glass_columns_c, glass_columns_a,
          glass_columns_a, glass_columns_c, glass_columns_a, glass_columns_c,
          feat_on_display, item_on_display_a, st_stairs_7
D:4:      first_bread, lemuel_blue_sif_altar, uniq_sigmund
D:5:      temple_green, kennysheep_small_circle
D:6:      kennysheep_mini_moat, lemuel_crystal_altar

Action                   |  1- 3 |  4- 6 |  7- 9 || total
-------------------------+-------+-------+-------++-------
Melee: Hand axe          |    96 |   149 |   113 ||   358
       War axe           |       |    91 |   214 ||   305
Invok: Burn Spellbooks   |       |       |     1 ||     1
  Use: Scroll            |     3 |     4 |     2 ||     9
       Potion            |       |     3 |     2 ||     5
  Eat: Chunk             |     1 |     6 |     9 ||    16
       Beef jerky        |       |     1 |       ||     1
       Fruit             |       |       |     1 ||     1
